 Dungeon Crawl Stone Soup version 0.22-a0-456-g11ed031 (webtiles) character file.

98 DrEnzyme the Sneak (level 4, -3/27 HPs)
             Began as an Octopode Wanderer on June 6, 2018.
             Slain by a gnoll (5 damage)
             ... on level 3 of the Dungeon.
             The game lasted 00:09:56 (2163 turns).

DrEnzyme the Sneak (Octopode Wanderer)              Turns: 2163, Time: 00:09:57

Health: -3/27      AC:  1    Str:  8 (9)  XL:     4   Next: 71%
Magic:  3/7        EV: 13    Int: 14 (17) God:
Gold:   88         SH:  0    Dex: 10 (11) Spells: 3/7 levels left

rFire    + . .     SeeInvis .   d - +0 dagger
rCold    + . .     Gourm    .   (no shield)
rNeg     . . .     Faith    .   (helmet restricted)
rPois    +         Spirit   .   e - amulet of inaccuracy (curse)
rElec    +         Reflect  .   (no ring)
rCorr    +         Harm     .   (no ring)
MR       .....                  (no ring)
Stlth    +++.......             (no ring)
HPRegen  0.09/turn              (no ring)
MPRegen  0.10/turn              (no ring)
                                (no ring)
                                (no ring)

@: resistant, very slightly contaminated
A: almost no armour, stealthy swim, amphibious, 8 rings, constrict 8, camouflage
1, gelatinous body 1
a: no special abilities


You were on level 3 of the Dungeon.
You were not hungry.

You visited 1 branch of the dungeon, and saw 3 of its levels.

You collected 88 gold pieces.

Inventory:

Hand Weapons
 d - a +0 dagger (weapon)
Missiles
 g - 51 stones (quivered)
Jewellery
 a - an uncursed amulet of rage {unknown}
 e - a cursed amulet of inaccuracy (around mantle)
Scrolls
 m - a scroll of identify
Potions
 b - a potion of cancellation
 n - a potion of berserk rage
Comestibles
 f - 4 rations
 h - a chunk of flesh


   Skills:
 * Level 2.8 Short Blades
 - Level 1.0 Throwing
 - Level 3.0 Dodging
 + Level 3.9 Stealth
 + Level 2.4 Spellcasting
 - Level 2.0 Earth Magic
   Level 1.2 Poison Magic


You had 3 spell levels left.
You knew the following spells:

 Your Spells              Type           Power        Failure   Level  Hunger
a - Sandblast             Erth           #.....       10%         1    #......
b - Summon Butterflies    Summ           #.......     22%         1    #......
c - Passwall              Tmut/Erth      #.......     22%         2    ###....

Your spell library contained the following spells:

 Spells                   Type           Power        Failure   Level  Hunger
 Stone Arrow              Conj/Erth      #.....       41%         3    ###....
 Lee's Rapid Deconstruct  Erth           #.........   95%         5    ######.
 Petrify                  Tmut/Erth      #.......     83%         4    #####..
 Summon Guardian Golem    Hex/Summ       #.......     56%         3    ###....


Dungeon Overview and Level Annotations

Branches:
Dungeon (3/15)

Altars:
Gozag
Ru


Innate Abilities, Weirdness & Mutations

You cannot wear most types of armour.
You are very stealthy in the water. (Stealth+)
You are amphibious.
You can wear up to eight rings at the same time.
You can use your tentacles to constrict eight enemies at once.
Your skin changes colour to match your surroundings (Stealth+).
Your rubbery body absorbs attacks. (AC +1, EV +1)


Message History

You completely miss the gnoll.
The gnoll is moderately wounded.
The gnoll hits you but does no damage. x2
You closely miss the gnoll.
The gnoll is moderately wounded.
The gnoll hits you but does no damage.
You hit the gnoll.
The gnoll is heavily wounded.
The gnoll hits you but does no damage. The gnoll hits you with a whip.
* * * LOW HITPOINT WARNING * * *
You hit the gnoll but do no damage.
The gnoll hits you but does no damage. x2
It was a potion of resistance.
You feel protected.
The gnoll hits you but does no damage. x2
It was a potion of degeneration.
There was something very wrong with that liquid.
You feel weakened.
You feel dopey.
You feel clumsy.
You feel less wooden. The gnoll hits you.
You die...

##.## ...# %_.
... # ##.##.#
#### .... #...
#.####g####.#
#.##
#...)@g.....#
#.#
######.######
#.# #..# #.#
##.###########.#
#...........(.#
###############


You could see 2 gnolls.

Vanquished Creatures
  3 adders
  A gnoll (D:3)
  2 oozes
  2 worms (D:2)
  3 dart slugs
  A leopard gecko (D:2)
  2 ball pythons (D:2)
  5 bats
  2 giant cockroaches (D:2)
  A goblin (D:2)
  4 hobgoblins
  4 jackals (D:2)
  A quokka (D:2)
  3 frilled lizards (D:1)
  4 kobolds
  3 rats (D:2)
41 creatures vanquished.

Notes
Turn   | Place    | Note
-------+----------+-------------------------------------------
     0 | D:1      | DrEnzyme the Octopode Wanderer began the quest for the Orb.
     0 | D:1      | DrEnzyme set off with: a potion of curing, a +0 dagger, a ration
     0 | D:1      | Reached XP level 1. HP: 11/11 MP: 3/3
     4 | D:1      | Learned a level 1 spell: Sandblast
     6 | D:1      | Learned a level 1 spell: Summon Butterflies
   140 | D:1      | Reached skill level 1 in Short Blades
   346 | D:1      | Reached XP level 2. HP: 11/17 MP: 5/5
  1053 | D:2      | Reached XP level 3. HP: 15/21 MP: 2/6
  1184 | D:2      | Noticed a centaur
  1337 | D:2      | Found an opulent altar of Gozag.
  1450 | D:2      | HP: 1/31 [adder (5)]
  1451 | D:2      | Reached XP level 4. HP: 1/27 MP: 2/7
  1933 | D:2      | Noticed an ogre
  1988 | D:3      | Learned a level 2 spell: Passwall
  2122 | D:3      | Found a sacrificial altar of Ru.
  2163 | D:3      | Slain by a gnoll

Vault maps used:
D:1:      enne_arrival_octagon_isle
D:2:      nicolae_overflow_crystal_walls
D:3:      tgw_fedhas, nicolae_ru_sacrificial_ziggurat,
          minmay_misc_feat_four_crosses, moated_statue

Skill      XL: |  1  2  3 |
---------------+----------+-----
Short Blades   | 1 2 |  2.8
Stealth        | 2 3 |  3.9
Throwing       | |  1.0
Dodging        | |  3.0
Spellcasting   | |  2.4
Earth Magic    | |  2.0
Poison Magic   | |  1.2

Action                   |  1- 3 |  4- 6 || total
-------------------------+-------+-------++-------
Melee: Dagger            |    67 |    33 ||   100
       Constrict         |     8 |     2 ||    10
       Tentacles         |     7 |       ||     7
 Cast: Sandblast         |    24 |    12 ||    36
  Use: Potion            |     4 |     5 ||     9
       Scroll            |     4 |     2 ||     6
 Stab: Sleeping          |     8 |     4 ||    12
  Eat: Chunk             |     2 |     2 ||     4
Armor: Skin              |     6 |    40 ||    46
Dodge: Dodged            |    56 |     4 ||    60

Table legend:
 A = Spawn XP
 B = Non-spawn XP
 C = Spawn XP percentage of total XP
 D = Spawn monster count
 E = Non-spawn monster count
 F = Spawn count percentage of total count
 G = Total turns spent on level
                    A         B        C        D         E        F      G
               +---------+---------+-------+---------+---------+-------+---------
         Total |       0 |     141 |   0.0 |       0 |      41 |   0.0 |  2163
               +---------+---------+-------+---------+---------+-------+---------
           D:1 |       0 |      27 |   0.0 |       0 |      12 |   0.0 |  1021
           D:2 |       0 |      85 |   0.0 |       0 |      26 |   0.0 |   938
           D:3 |       0 |      29 |   0.0 |       0 |       3 |   0.0 |   204
               +---------+---------+-------+---------+---------+-------+---------
